 Dungeon Crawl Stone Soup version 0.30.1-11-g7821555f0a (webtiles) character file.

Game seed: 13391920666095165719

10738 GameisBrutal the Cleaver (level 11, -4/94 HPs)
             Began as a Hill Orc Fighter on Nov 10, 2023.
             Was an Elder of Beogh.
             Slain by an orc knight
             ... wielding a +0 broad axe
              (20 damage)
             ... on level 2 of the Orcish Mines.
             The game lasted 00:33:20 (8225 turns).

GameisBrutal the Cleaver (Hill Orc Fighter)         Turns: 8225, Time: 00:33:20

Health: -4/94      AC: 20    Str: 22    XL:     11   Next: 66%
Magic:  12/14      EV:  7    Int: 10    God:    Beogh [****..]
Gold:   824        SH: 16    Dex: 14    Spells: 10/10 levels left

rFire   + + .        a - +1 war axe
rCold   . . .        n - +0 kite shield
rNeg    . . .        r - +0 plate armour of the Depths {Regen+ Dex+4 Stlth-}
rPois   .            (no helmet)
rElec   +            (no cloak)
rCorr   .            y - +1 pair of gloves
SInv    +            u - +0 pair of boots "Burapead" {rElec rF++}
Will    .....        q - amulet of reflection Stlth
                     m - +4 ring of protection
HPRegen 1.15/turn    I - ring of see invisible
MPRegen 0.14/turn

%: reflection
@: mighty
A: no striking features
a: Renounce Religion, Smiting, Recall Orcish Followers


You were on level 2 of the Orcish Mines.
You worshipped Beogh.
Beogh was greatly pleased with you.
You visited 2 branches of the dungeon, and saw 11 of its levels.

You collected 1004 gold pieces.
You spent 180 gold pieces at shops.

Inventory:

Hand Weapons
 a - a +1 war axe (weapon)
Missiles
 s - 87 poisoned darts
 x - 3 throwing nets
 z - 18 boomerangs (quivered)
 E - a curare-tipped dart
Armour
 n - a +0 kite shield (worn)
 r - the +0 plate armour of the Depths (worn) {Regen+ Dex+4 Stlth-}
   (You found it on level 5 of the Dungeon)

   Dex:       It affects your dexterity (+4).
   Regen:     It increases your rate of health regeneration.
   Stlth:     It makes you less stealthy.
 u - the +0 pair of boots "Burapead" (worn) {rElec rF++}
   (You found it on level 5 of the Dungeon)

   rF:        It greatly protects you from fire.
   rElec:     It insulates you from electricity.
 y - a +1 pair of gloves (worn)
Jewellery
 m - a +4 ring of protection (left hand)
 q - an amulet of reflection (around neck)
 C - a +4 ring of slaying
 I - a ring of see invisible (right hand)
Wands
 B - a wand of digging (3)
 D - a wand of flame (6)
Scrolls
 e - 3 scrolls of vulnerability
 g - 2 scrolls of poison
 h - a scroll of amnesia
 i - 2 scrolls of teleportation
 l - 2 scrolls of torment
 o - 3 scrolls of fog
 p - a scroll of magic mapping
 A - a scroll of noise
 F - a scroll of identify
 G - a scroll of fear
 H - a scroll of enchant weapon
Potions
 b - a potion of ambrosia {unknown}
 c - 3 potions of degeneration
 d - a potion of might
 f - 2 potions of flight
 j - a potion of attraction {unknown}
 k - 2 potions of curing
 t - 3 potions of heal wounds
 v - a potion of mutation {unknown}
 J - a potion of resistance {unknown}


   Skills:
 * Level 7.8 Fighting
 * Level 12.7 Axes
 * Level 4.2 Throwing
 * Level 7.1 Armour
 * Level 4.3 Dodging
 * Level 4.6 Stealth
 * Level 8.9 Shields
 * Level 4.9 Invocations
 * Level 3.9 Evocations


You had 10 spell levels left.
You didn't know any spells.
Your spell library contained the following spells:

 Spells                   Type           Power      Damage    Failure   Level
 Lesser Beckoning         Tloc           0%         N/A       100%        2
 Sublimation of Blood     Necr           0%         N/A       100%        2
 Wereblood                Tmut           0%         N/A       100%        2
 Gell's Gravitas          Tloc           0%         N/A       100%        3
 Teleport Other           Tloc           0%         N/A       100%        3
 Alistair's Intoxication  Tmut/Pois      0%         N/A       100%        5
 Borgnjor's Vile Clutch   Necr/Erth      0%         N/A       100%        5
 Eringya's Noxious Bog    Tmut/Pois      0%         N/A       100%        6
 Summon Hydra             Summ           0%         N/A       100%        7


Dungeon Overview and Level Annotations

Branches:
Dungeon (11/15)            Temple (0/1) D:6            Lair (0/5) D:11
    Orc (2/2) D:11            Elf (0/3) Orc:2

Altars:
Dithmenos
Fedhas
Gozag
Hepliaklqana
Qazlal
Ru
Sif Muna
Trog
Xom
Yredelemnul
Zin
The Shining One
Beogh

Shops:
D:3 [[[   D:11 =   Orc:2 *

Annotations:
D:11 2 transporters


Message History

You swap places.
The orc knight no longer looks unusually strong.
Brunolf no longer looks unusually strong.
The soul eater barely misses Thorok.
The orc knight hits Brunolf with a +0 broad axe!
Brunolf dies!
Thorok hits the soul eater with a +0 battleaxe!
The soul eater draws from the surrounding life force!
* * * LOW HITPOINT WARNING * * *
The soul eater is healed.
The orc high priest prays to Beogh.
Thorok hits the soul eater with a +0 battleaxe!
Thorok misses the orc knight.
You feel very mighty all of a sudden.
The hellwing disappears in a puff of smoke!
Your orc no longer looks unusually strong.
Your orc priest no longer looks unusually strong.
The soul eater hits Thorok!
Your orc priest begins to cast a cantrip, but forgets the words!
The orc knight hits Thorok but does no damage.
The orc high priest calls upon Beogh to heal the orc knight.
The orc knight's wounds heal themselves!
Thorok hits the soul eater with a +0 battleaxe!
Thorok hits the orc knight with a +0 battleaxe!!
You swap places.
Thorok no longer looks unusually strong.
Your orc priest invokes the aid of Beogh against the orc knight.
The orc knight is smitten.
You block the orc knight's attack. You block the soul eater's attack.
You slash the orc knight!
The orc knight is heavily wounded.
You slice the soul eater!!
The orc sorcerer no longer looks unusually strong.
Your orc priest calls upon Beogh to heal Thorok.
Thorok is healed somewhat.
The orc knight roars a battlecry!
The orcs go into a battle-frenzy!
The orc knight hits you with a +0 broad axe!!
You die...
Beogh appreciates the orc knight's killing of a heretic priest.

......oo......#..................
#######.###########...)).........
######o###### #..............
#...........### #..............
...####.####..o## #..............
#.######oo###..............
#.#...###oo##..............
#.#.....##o##..............
#.#.....o#@##.............. ...
#oo3o##.............. ...
##4o###.............. #o3
#.............. .o§4
#............#. .##§.
#.............# # ..#
#............## .∩#
#...........## ## #...........#


You could see 2 orc knights, a soul eater (summoned), 2 orc high priests, a rust
devil (summoned), a ynoxinul (summoned), a chaos spawn (summoned), an orc
sorcerer (strong), an orc wizard (invisible), the friendly Thorok the orc
knight, a friendly orc warrior (strong), 2 friendly orc priests and 2 friendly
orcs.

Vanquished Creatures
  A two-headed ogre (D:11)
  A manticore (D:11)
  3 trolls (Orc:1)
  A polar bear (D:11)
  A hornet (D:6)
  2 wyverns
  A vampire mosquito (D:11)
  3 steam dragons
  3 wargs
  An acid dragon (D:11)
  2 water moccasins
  2 sky beasts
  2 ice beasts
  4 orc warriors
  3 ogres
  A wolf (D:11)
  A centaur (D:8)
  Blork the orc (D:5)
  A phantom (D:6)
  14 kobold brigands
  2 bullfrogs
  A gnoll sergeant (D:8)
  3 scorpions
  8 wights (D:6)
  A killer bee (D:11)
  3 howler monkeys
  A quasit (D:6)
  A hound (D:5)
  2 jellies (D:7)
  A gnoll bouda (D:6)
  5 orc priests
  Crazy Yiuf (D:3)
  3 sleepcaps
  Terence (D:3)
  4 iguanas
  7 orc wizards
  21 gnolls
  8 adders
  A shadow imp (D:6)
  4 white imps
  5 ufetubi
  4 worms
  4 dart slugs
  18 orcs
  4 bats
  6 endoplasms
  8 giant cockroaches
  6 goblins
  10 hobgoblins
  3 jackals (D:4)
  23 kobolds
  2 quokkas
  7 ball pythons
  5 frilled lizards
  5 rats
  A butterfly (D:6)
237 creatures vanquished.

Vanquished Creatures (collateral kills)
  An ettin (Orc:1)
  An orc knight (Orc:1)
  2 orc sorcerers (Orc:2)
  A kobold demonologist (D:11)
  A rime drake (D:11)
  A troll (Orc:1)
  3 yaks (D:11)
  3 vampire mosquitoes (D:11)
  A warg (Orc:1)
  An acid dragon (D:11)
  8 orc warriors
  An ice beast (D:11)
  7 ogres
  A wolf (D:11)
  2 killer bees (D:11)
  2 vampire bats (Orc:1)
  An orc priest (Orc:2)
  6 orc wizards
  5 gnolls
  5 orcs
  3 bats (Orc:1)
56 creatures vanquished.

Vanquished Creatures (others)
  An orc knight (Orc:2)
  A kobold demonologist (D:8)
  2 orc warriors (Orc:1)
  A howler monkey (D:7)
  2 orc priests
  2 orc wizards
  13 orcs
  2 kobolds (D:7)
24 creatures vanquished.

Grand Total: 317 creatures vanquished

Notes
Turn   | Place    | Note
-------+----------+-------------------------------------------
     0 | D:1      | GameisBrutal the Hill Orc Fighter began the quest for the
                  | Orb.
     0 | D:1      | Reached XP level 1. HP: 19/19 MP: 1/1
   173 | D:1      | Reached XP level 2. HP: 24/27 MP: 2/2
   175 | D:1      | Reached skill level 3 in Axes
   521 | D:2      | Reached XP level 3. HP: 30/33 MP: 3/3
   556 | D:3      | Found Wibej's Antique Armour Boutique.
   623 | D:3      | Reached XP level 4. HP: 16/40 MP: 4/4
   746 | D:3      | Reached skill level 4 in Axes
   940 | D:3      | Found an opulent altar of Gozag.
   950 | D:3      | Found a bloodstained altar of Trog.
  1000 | D:3      | Found Baru's Armour Shoppe.
  1003 | D:3      | Found Ytsyuch's Armour Shop.
  1100 | D:3      | Reached XP level 5. HP: 46/46 MP: 5/5
  1188 | D:4      | Reached skill level 1 in Dodging
  1188 | D:4      | Reached skill level 1 in Stealth
  1213 | D:4      | Reached skill level 5 in Axes
  1225 | D:4      | Found a shadowy altar of Dithmenos.
  1247 | D:4      | Reached XP level 6. HP: 43/53 MP: 6/6
  1336 | D:5      | Entered Level 5 of the Dungeon
  1354 | D:5      | Identified the +0 plate armour of the Depths {Regen+ Dex+4
                  | Stlth-}
  1460 | D:5      | Reached skill level 6 in Axes
  1497 | D:5      | Identified the +0 pair of boots "Burapead" {rElec rF++}
  1578 | D:6      | Reached XP level 7. HP: 48/60 MP: 7/7
  1604 | D:7      | Noticed a hornet
  1613 | D:6      | Paralysed by a hornet for 3 turns
  1616 | D:6      | Killed a hornet
  1617 | D:6      | Reached skill level 5 in Fighting
  1645 | D:7      | Noticed a steam dragon
  1647 | D:7      | Noticed a steam dragon
  1648 | D:7      | Reached skill level 7 in Axes
  1653 | D:7      | Reached skill level 1 in Throwing
  1657 | D:6      | Reached skill level 5 in Shields
  1657 | D:6      | Reached XP level 8. HP: 58/68 MP: 8/8
  1674 | D:7      | Noticed a wyvern
  1708 | D:7      | Became a worshipper of Beogh the Brigand
  1715 | D:7      | Reached skill level 8 in Axes
  1715 | D:7      | Killed a wyvern
  1716 | D:7      | Reached skill level 5 in Armour
  1716 | D:7      | Found a blossoming altar of Fedhas.
  1743 | D:7      | Found a shimmering altar of Xom.
  1772 | D:7      | Found a stormy altar of Qazlal.
  1894 | D:6      | Found a staircase to the Ecumenical Temple.
  1907 | D:6      | Found a basalt altar of Yredelemnul.
  2079 | D:6      | Reached skill level 9 in Axes
  2081 | D:6      | Reached XP level 9. HP: 54/74 MP: 9/9
  2087 | D:6      | Reached * piety under Beogh
  2090 | D:6      | Reached skill level 1 in Invocations
  2300 | D:6      | Reached skill level 1 in Evocations
  2320 | D:6      | Found a glowing silver altar of Zin.
  2320 | D:6      | Noticed an angel
  3032 | D:5      | Noticed Blork the orc
  3041 | D:5      | Killed Blork the orc
  3042 | D:5      | Reached skill level 10 in Axes
  3088 | D:5      | Found a glowing golden altar of the Shining One.
  3297 | D:5      | Found a hazy altar of Hepliaklqana.
  3297 | D:5      | Found a sacrificial altar of Ru.
  3421 | D:4      | Reached ** piety under Beogh
  3454 | D:4      | Found a shimmering blue altar of Sif Muna.
  3877 | D:3      | Found a runed translucent door.
  3878 | D:3      | Noticed Crazy Yiuf
  3884 | D:3      | Killed Crazy Yiuf
  4016 | D:3      | Noticed Terence
  4018 | D:3      | Killed Terence
  4570 | D:1      | Found a roughly hewn altar of Beogh.
  4591 | D:1      | Found a faded altar of an unknown god.
  5382 | D:8      | Reached XP level 10. HP: 37/84 MP: 11/11
  5747 | D:8      | Noticed a kobold demonologist
  5755 | D:8      | Killed a kobold demonologist
  5775 | D:8      | Reached *** piety under Beogh
  5776 | D:8      | Reached skill level 11 in Axes
  6109 | D:8      | You fall into a shaft and drop 3 floors!
  6219 | D:11     | Found a transporter.
  6233 | D:11     | Found a transporter.
  6352 | D:11     | Noticed a manticore
  6356 | D:11     | Killed a manticore
  6381 | D:11     | Found a staircase to the Orcish Mines.
  6600 | D:11     | Noticed a two-headed ogre
  6609 | D:11     | Killed a two-headed ogre
  6610 | D:11     | Reached skill level 12 in Axes
  6610 | D:11     | Reached XP level 11. HP: 81/92 MP: 9/14
  6736 | D:11     | Reached **** piety under Beogh
  6736 | D:11     | Gained Brunolf as an ally
  6761 | D:11     | Found a staircase to the Lair.
  6789 | D:11     | Gained Thorok as an ally
  6815 | D:11     | Found Suckiom's Jewellery Shop.
  6824 | D:11     | Bought a ring of see invisible for 180 gold pieces
  6925 | D:11     | Found a transporter.
  7050 | D:11     | Found a transporter.
  7328 | Orc:1    | Entered Level 1 of the Orcish Mines
  7335 | Orc:1    | Noticed an ettin
  7338 | Orc:1    | Killed an ettin
  7494 | Orc:1    | Noticed an orc knight
  7503 | Orc:1    | Killed an orc knight
  7933 | Orc:2    | Entered Level 2 of the Orcish Mines
  8077 | Orc:2    | Found a staircase to the Elven Halls.
  8206 | Orc:2    | Noticed an orc sorcerer
  8207 | Orc:2    | Found Unamody's Assorted Antiques.
  8207 | Orc:2    | Noticed an orc sorcerer
  8208 | Orc:2    | Noticed an orc knight
  8209 | Orc:2    | Noticed an orc high priest
  8210 | Orc:2    | Paralysed by an orc sorcerer for 5 turns
  8211 | Orc:2    | Killed an orc sorcerer
  8212 | Orc:2    | Killed an orc sorcerer
  8213 | Orc:2    | Noticed an orc knight
  8213 | Orc:2    | Noticed an orc sorcerer
  8214 | Orc:2    | Noticed a soul eater
  8214 | Orc:2    | Noticed an orc high priest
  8221 | Orc:2    | Your ally Brunolf died
  8225 | Orc:2    | Slain by an orc knight

Illustrated notes

Levels and vault maps discovered:
D:1:      amcnicky_arrival_blooded_trapdoor, layout_basic,
          hellmonk_ecumenical_altar_defaced_shrine
D:2:      layout_rooms
D:3:      minmay_chambers_of_twos, layout_rooms, mainiacjoe_overflow_paths,
          nicolae_gozag_cash_rules_everything_around_me, serial_shops,
          nicolae_shop_tiny_statue_garden, nicolae_shop_stone, shop_fountains,
          uniq_terence, uniq_crazy_yiuf_cottage
D:4:      layout_cave_pools, nicolae_dithmenos_through_a_glass_darkly,
          kennysheep_orc_sif_temple
D:5:      layout_loops_ring, tso_altar, mainiacjoe_overflow_divided_tiny,
          uniq_blork_the_orc
D:6:      layout_loops_ring, old_standard_altar, zin_angel,
          minmay_temple_entry_butterflies, serial_demonic, serial_demonic_b,
          serial_demonic_e, serial_demonic_d, serial_demonic_b
D:7:      layout_gridville, grunt_temple_overflow_forces_of_nature,
          xom_confusion_cloud
D:8:      layout_basic, special_room [special_room_kobold]
D:11:     layout_irregular_city, hellmonk_lair_entry_icy, david_orc_1_choice,
          serial_shops, nicolae_shop_hallway_plus, st_stairs_8,
          nicolae_transporter_intersection
Orc:1:    layout_caves, roderic_batcave, small_statue_alley_c
Orc:2:    st_orc_elflike, layout_diamond_mine

Skill      XL: |  1  2  3  4  5  6  7  8  9 10 11 |
---------------+----------------------------------+-----
Axes           | 3 4 5 6 7 9 10 12 | 12.7
Fighting       | 4 5 6 7 |  7.8
Armour         | 4 5 6 7 |  7.1
Dodging        | 1 2 3 4 |  4.3
Stealth        | 1 2 3 4 |  4.6
Shields        | 4 5 6 7 8 |  8.9
Throwing       | 1 2 3 4 |  4.2
Invocations    | 2 4 |  4.9
Evocations     | 2 3 |  3.9

Action                     |  1- 3 |  4- 6 |  7- 9 | 10-12 || total
---------------------------+-------+-------+-------+-------++-------
  Melee: War axe           |    93 |   123 |   299 |   237 ||   752
  Throw: Dart              |       |       |    56 |     2 ||    58
         Boomerang         |       |       |       |    11 ||    11
 Invoke: Convert to Beogh  |       |       |     1 |       ||     1
         Smiting           |       |       |     1 |     3 ||     4
  Evoke: Wand              |       |       |     7 |     4 ||    11
    Use: Scroll            |     4 |       |     4 |     6 ||    14
         Potion            |     1 |       |     4 |     3 ||     8
 Armour: Scale mail        |    64 |    77 |       |       ||   141
         Plate armour      |       |    11 |   192 |   102 ||   305
  Dodge: Dodged            |    49 |    42 |    79 |    55 ||   225
  Block: Buckler           |    10 |       |       |       ||    10
         Kite shield       |    29 |    75 |   288 |   204 ||   596
         Reflection        |       |       |     2 |    10 ||    12
